 Dungeon Crawl Stone Soup version 0.13.1-20-gf50ca03 (webtiles) character file.

938 pariah666 the Covered (level 7, -11/64 HPs)
             Began as a Deep Dwarf Berserker on Dec 29, 2013.
             Was a High Priest of Trog.
             Mangled by an ogre
             ... wielding a +0,+0 giant spiked club
              (17 damage)
             ... on Level 5 of the Dungeon.
             The game lasted 00:19:42 (2742 turns).

pariah666 the Covered (Deep Dwarf Berserker)        Turns: 2742, Time: 00:19:43

HP -11/64        AC  8     Str 21 (22) XL: 7   Next: 52%
MP   7/7         EV  9     Int  8      God: Trog [*****.]
Gold 172         SH  0     Dex 12      Spells:  0 memorised,  6 levels left

Res.Fire  : . . .   See Invis. : .   n - +2,+4 mace (holy)
Res.Cold  : . . .   Warding    : .   a - +1 scale mail
Life Prot.: . . .   Conserve   : .   (no shield)
Res.Poison: .       Res.Corr.  : .   (no helmet)
Res.Elec. : .       Clarity    : .   (no cloak)
Sust.Abil.: . .     Spirit.Shd : .   (no gloves)
Res.Mut.  : .       Stasis     : .   (no boots)
Res.Rott. : .       Flight     : .   (no amulet)
Saprovore : . . .                    (no ring)
                                     d - ring of wizardry

@: non-regenerating, somewhat resistant to hostile enchantments, extremely
unstealthy
A: damage resistance, recharge devices, sense surroundings 1, slow healing 3
a: Device Recharging, Burn Spellbooks, Berserk, Trog's Hand, Brothers in Arms,
Renounce Religion


You were on level 5 of the Dungeon.
You worshipped Trog.
Trog was extremely pleased with you.
You were not hungry.

You visited 1 branch of the dungeon, and saw 5 of its levels.

You collected 152 gold pieces.

Inventory:

Hand weapons
 n - a +2,+4 mace of holy wrath (weapon)
Armour
 a - a +1 scale mail (worn)
 b - a +0 animal skin
Magical devices
 c - a wand of heal wounds (4)
Comestibles
 f - 2 meat rations
 r - a choko
Scrolls
 h - a scroll of identify
 j - 4 scrolls of remove curse
 l - a scroll of magic mapping
 m - 2 scrolls of fear
 o - a scroll of noise {unknown}
 p - 2 scrolls of teleportation {unknown}
 q - 2 scrolls of curse weapon {unknown}
 s - 2 scrolls of fog {unknown}
 w - a scroll of recharging {unknown}
Jewellery
 d - a ring of wizardry (left hand)
 k - an uncursed ring of protection from fire
 y - an uncursed amulet of stasis
Potions
 e - a potion of might {unknown}
 g - 2 potions of brilliance
 i - a potion of heal wounds {unknown}
 t - a potion of resistance {unknown}
 u - 2 potions of curing {unknown}
 v - a potion of cure mutation {unknown}
 x - a potion of agility {unknown}
 z - 2 potions of restore abilities {unknown}


   Skills:
 * Level 4.4 Fighting
   Level 4.0 Axes
 + Level 4.0 Maces & Flails
 * Level 5.7 Armour
 - Level 2.1 Dodging
 * Level 3.5 Stealth
 * Level 4.0 Evocations


You had 6 spell levels left.
You didn't know any spells.

Dungeon Overview and Level Annotations

Branches:
Dungeon (5/27)
 Temple: D:4-7

Altars:
Fedhas
Nemelex Xobeh
Okawaru
Sif Muna
Xom
Yredelemnul


Innate Abilities, Weirdness & Mutations

You are resistant to damage.
You can recharge devices by infusing magical energy.
You passively map a small area around you.
You do not heal naturally.


Message History

The centaur shoots an arrow.
The arrow hits you!
You see here an arrow.
You see here an arrow.
The ogre barely misses you.
You see here an arrow.
You hit the ogre.
The ogre is lightly wounded.
The ogre hits you with a giant spiked club!
* * * LOW HITPOINT WARNING * * *
You sock the ogre!
The ogre is moderately wounded.
The ogre hits you with a giant spiked club!
* * * LOW HITPOINT WARNING * * *
You hit the ogre but do no damage.
The ogre is moderately wounded.
The ogre barely misses you.
You thump the ogre!
The ogre is severely wounded.
The ogre hits you with a giant spiked club!
You die...

,... *#.# #....
...., #.# #.... ...#
#.# #.... *
###..####.######....
*
..>...........'....
....####.######....
, *#c# #.# #....
#O#####.# #....
#@......# #....
#(####### #.... ,*
#(# #.... #(# #....
#(# #.... #.# #####
*, #.# * * #.# * #.#
* *


You could see an ogre and a centaur.

Vanquished Creatures
  A wyvern (D:5)
  A phantom (D:4)
  5 crimson imps
  An orc priest (D:4)
  A hound (D:5)
  2 scorpions (D:4)
  An orc wizard (D:4)
  A worker ant (D:4)
  3 gnolls (D:5)
  3 adders (D:3)
  A giant mite (D:3)
  3 worms
  A giant gecko (D:2)
  3 oozes
  17 orcs
  3 ball pythons
  A bat skeleton (D:5)
  10 goblins
  11 hobgoblins
  3 jackals (D:1)
  12 kobolds
  10 bats
  7 giant cockroaches
  4 giant newts
  A hobgoblin skeleton (D:4)
  8 rats
114 creatures vanquished.

Notes
Turn   | Place    | Note
--------------------------------------------------------------
     0 | D:1      | pariah666, the Deep Dwarf Berserker, began the quest for the Orb.
     0 | D:1      | Reached XP level 1. HP: 21/21 MP: 0/0
     4 | D:1      | Noticed a naga
     4 | D:1      | Noticed a dwarf
     8 | D:1      | Noticed an elf
     8 | D:1      | Noticed a merfolk
    10 | D:1      | Noticed a spriggan
    10 | D:1      | Noticed a felid
    12 | D:1      | Noticed a ghoul
    12 | D:1      | Noticed a demonspawn
    14 | D:1      | Noticed a minotaur
    14 | D:1      | Noticed a troll
    16 | D:1      | Noticed a centaur
    18 | D:1      | Noticed a demigod
    18 | D:1      | Noticed a draconian
    20 | D:1      | Noticed a tengu
    22 | D:1      | Noticed an ogre
    24 | D:1      | Noticed an octopode
    24 | D:1      | Noticed a vampire
    77 | D:1      | Reached XP level 2. HP: 22/28 MP: 1/1
   184 | D:1      | Acquired Trog's second power
   184 | D:1      | Reached skill level 1 in Evocations
   551 | D:1      | Reached XP level 3. HP: 12/36 MP: 2/2
   770 | D:2      | Reached skill level 1 in Stealth
   979 | D:2      | Reached skill level 4 in Axes
  1036 | D:2      | Found a deep blue altar of Sif Muna.
  1232 | D:3      | Reached XP level 4. HP: 37/43 MP: 4/4
  1318 | D:3      | Found an iron altar of Okawaru.
  1512 | D:3      | Reached skill level 1 in Maces & Flails
  1517 | D:3      | Reached XP level 5. HP: 17/50 MP: 3/3
  1765 | D:3      | Acquired Trog's third power
  1777 | D:3      | Found a blossoming altar of Fedhas.
  1791 | D:3      | Found a sparkling altar of Nemelex Xobeh.
  1891 | D:4      | Found a basalt altar of Yredelemnul.
  2102 | D:4      | Reached XP level 6. HP: 16/58 MP: 6/6
  2164 | D:4      | Found a shimmering altar of Xom.
  2450 | D:4      | Noticed a phantom
  2468 | D:4      | Killed a phantom
  2468 | D:4      | Reached skill level 5 in Armour
  2468 | D:4      | Reached XP level 7. HP: 52/64 MP: 8/8
  2512 | D:5      | Entered Level 5 of the Dungeon
  2653 | D:5      | Noticed a wyvern
  2664 | D:5      | Killed a wyvern
  2742 | D:5      | Mangled by an ogre

Action                   |  1- 3 |  4- 6 |  7- 9 || total
-------------------------+-------+-------+-------++-------
Melee: Hand axe          |    77 |       |       ||    77
       Mace              |    57 |   173 |    42 ||   272
 Abil: Device Recharging |       |     2 |     1 ||     3
Evoke: Wand              |     2 |     7 |     4 ||    13
  Use: Scroll            |     1 |     5 |     1 ||     7
       Potion            |       |     2 |       ||     2
